[Event "Early-Titled-Tuesday-Blitz-April-23-2024"]
[Site "Chess.com"]
[Date "2024.04.23"]
[Round "7"]
[White "sergoy"]
[Black "jefferyx"]
[Result "1/2-1/2"]
[WhiteElo "2931"]
[BlackElo "3100"]
[TimeControl "180+1"]
[EndTime "9:17:47 PDT"]
[Termination "Game drawn by agreement"]

1. d4 d5 2. c4 e6 3. Nf3 dxc4 4. e3 Nf6 5. Bxc4 Be7 6. O-O O-O 7. Re1 c5 8. e4 cxd4 9. e5 Nfd7 10. Qxd4 Nb6 11. Qg4 h5 12. Qe4 Nxc4 13. Qxc4 Bd7 14.
Nc3 Bc6 15. Nd4 Qc8 16. Nxc6 Nxc6 17. Bf4 Rd8 18. Rad1 Rxd1 19. Rxd1 g5 20. Be3 Nxe5 21. Qe2 g4 22. Bd4 Nc6 23. Be3 Ne5 24. Bd4 Nc6 25. Be3 Qc7 26. h3 gxh3 27. Qxh5 Qe5 28. Qxh3 Rd8 29. Qg4+ Qg7 30. Rxd8+ Bxd8 31. Qxg7+ Kxg7 32. Kf1 f5 1/2-1/2

[Event "Early-Titled-Tuesday-Blitz-April-23-2024"]
[Site "Chess.com"]
[Date "2024.04.23"]
[Round "7"]
[White "MikeWizard"]
[Black "ljuks68"]
[Result "0-1"]
[WhiteElo "2192"]
[BlackElo "2382"]
[TimeControl "180+1"]
[EndTime "9:17:49 PDT"]
[Termination "ljuks68 won by resignation"]

1. d4 d5 2. c4 c6 3. Nf3 Nf6 4. Nc3 dxc4 5. a4 Bf5 6. Ne5 Na6 7. f3 Nd7 8. Nxc4 e5 9. e4 exd4 10. Ne2 d3 11. Nc3 Be6 12. Bxd3 Ndc5 13. Be2 Qxd1+ 14.
Nxd1 Nb4 15. Nde3 Nb3 16. Rb1 Bc5 17. Bd2 O-O-O 18. Bc3 f6 19. Kf2 Nc2 20. Bd1 Rxd1 21. Rhxd1 Bxc4 0-1

[Event "Early-Titled-Tuesday-Blitz-April-23-2024"]
[Site "Chess.com"]
[Date "2024.04.23"]
[Round "7"]
[White "shirovin"]
[Black "mary-sanna"]
[Result "0-1"]
[WhiteElo "2053"]
[BlackElo "2254"]
[TimeControl "180+1"]
[EndTime "9:17:49 PDT"]
[Termination "mary-sanna won on time"]

1. e4 c5 2. Nf3 Nc6 3. d4 cxd4 4. Nxd4 g6 5. c4 Bg7 6. Be3 Qb6 7. Nc3 Bxd4 8.
Bxd4 Qxd4 9. Qf3 Nf6 10. Nb5 Qxb2 11. Rd1 Qb4+ 12. Rd2 Qa5 13. Bd3 d6 14. Ke2 Bg4 15. Qxg4 Nxg4 16. f3 Nge5 17. Rhd1 Nxd3 18. Rxd3 O-O 19. f4 a6 20. Nc3 Nb4 21. Rg3 Qh5+ 0-1

[Event "Early-Titled-Tuesday-Blitz-April-23-2024"]
[Site "Chess.com"]
[Date "2024.04.23"]
[Round "7"]
[White "stratacticos"]
[Black "Maria_Elayza"]
[Result "0-1"]
[WhiteElo "1864"]
[BlackElo "2170"]
[TimeControl "180+1"]
[EndTime "9:17:52 PDT"]
[Termination "Maria_Elayza won by resignation"]

1. b4 d5 2. Bb2 Nf6 3. Nf3 e6 4. a3 c5 5. b5 Bd7 6. e3 Qb6 7. a4 c4 8. Bd4 Bc5 9. Nc3 a6 10.
a5 Qc7 11. b6 Qc8 12. Bxc5 Qxc5 13. Ne5 O-O 14. Be2 Nc6 15. Nxc6 Bxc6 16. Bf3 d4 17. Bxc6 Qxc6 18. Ne2 d3 19. Nf4 e5 20. Nh5 Qxg2 21.
Nxf6+ gxf6 22. Rf1 Kh8 23. cxd3 cxd3 24. Qb3 Qg6 25.
O-O-O Rac8+ 26. Kb1 Rc5 27. Rg1 Qe4 28. Ka2 Rxa5+ 29. Kb2 Rb5 0-1

[Event "Early-Titled-Tuesday-Blitz-April-23-2024"]
[Site "Chess.com"]
[Date "2024.04.23"]
[Round "7"]
[White "Let_it_be_1"]
[Black "thesupera12"]
[Result "0-1"]
[WhiteElo "2614"]
[BlackElo "2456"]
[TimeControl "180+1"]
[EndTime "9:17:53 PDT"]
[Termination "thesupera12 won by resignation"]

1. e4 d5 2. exd5 Qxd5 3. Nc3 Qa5 4. Nf3 Nf6 5. d4 Bg4 6. h3 Bh5 7. g4 Bg6 8. Ne5 c6 9. Bg2 Nbd7 10. Qe2 O-O-O 11.
h4 h5 12. Nxg6 fxg6 13. g5 Nd5 14. Bxd5 cxd5 15. Qe6 Qb6 16. Qxd5 e6 17. Qc4+ Kb8 18. Bf4+ Bd6 19. Bxd6+ Qxd6 20. O-O-O Rhf8 21. Kb1 Nb6 22. Qd3 Rf4 23. Qxg6 Rxd4 24. Qxh5 Nc4 25. Rxd4 Qxd4 26. Rd1 Nd2+ 27. Ka1 Qxf2 28. Qe2 Qxe2 29. Nxe2 Nb3+ 30. axb3 Rxd1+ 31. Ka2 Rh1 32. Nf4 e5 33. Ne6 e4 34.
Nxg7 e3 35. Nf5 e2 0-1

[Event "Early-Titled-Tuesday-Blitz-April-23-2024"]
[Site "Chess.com"]
[Date "2024.04.23"]
[Round "7"]
[White "DarZay"]
[Black "mortngabriel"]
[Result "1-0"]
[WhiteElo "2319"]
[BlackElo "2446"]
[TimeControl "180+1"]
[EndTime "9:17:56 PDT"]
[Termination "DarZay won by resignation"]

1. e4 c5 2. f4 d5 3. exd5 Qxd5 4. Nf3 Nf6 5. Nc3 Qd8 6. Bb5+ Bd7 7. Bxd7+ Qxd7 8. O-O Nc6 9. d3 e6 10. Kh1 Be7 11.
Ne5 Qc8 12. Qf3 Nd4 13. Qf2 O-O 14. Be3 Nf5 15. Ne4 Nxe3 16. Qxe3 b6 17. Qf3 Qc7 18. Nc6 Rac8 19. Nxe7+ Qxe7 20. Rae1 Rfd8 21. f5 e5 22. Qg3 Nd5 23. f6 Qf8 24. Qxe5 Re8 25. Qxd5 1-0

[Event "Early-Titled-Tuesday-Blitz-April-23-2024"]
[Site "Chess.com"]
[Date "2024.04.23"]
[Round "7"]
[White "FuenfgegenWilly"]
[Black "AlphaGoosee"]
[Result "0-1"]
[WhiteElo "2484"]
[BlackElo "2635"]
[TimeControl "180+1"]
[EndTime "9:17:57 PDT"]
[Termination "AlphaGoosee won by resignation"]

1. e4 c5 2. Nc3 d6 3. f4 g6 4.
Nf3 Bg7 5. Bb5+ Bd7 6. Bc4 Nc6 7. O-O e6 8. f5 Nf6 9. fxe6 Bxe6 10.
Bxe6 fxe6 11. e5 Nxe5 12. Nxe5 dxe5 13. d3 Qd4+ 14. Kh1 O-O 15. Qe2 Ng4 16. h3 Rxf1+ 17. Qxf1 Rf8 18. Qe1 Nf2+ 19. Kh2 e4 20. Be3 Qe5+ 21.
g3 Nxh3 22. Kxh3 Qh5+ 23. Kg2 Qf3+ 24. Kh2 Rf5 25. g4 Be5+ 0-1

[Event "Early-Titled-Tuesday-Blitz-April-23-2024"]
[Site "Chess.com"]
[Date "2024.04.23"]
[Round "7"]
[White "Msb2"]
[Black "ELPRIMO0O0"]
[Result "1-0"]
[WhiteElo "3050"]
[BlackElo "2641"]
[TimeControl "180+1"]
[EndTime "9:17:58 PDT"]
[Termination "Msb2 won by resignation"]

1. d4 Nf6 2. c4 c5 3. d5 b5 4. cxb5 a6 5. bxa6 e6 6. dxe6 fxe6 7. Nc3 Be7 8. g3 O-O 9. Bg2 d5 10. Nh3 Rxa6 11. O-O Nc6 12. b3 Nb4 13. a3 d4 14. Ne4 Nbd5 15. Nf4 Nxe4 16. Bxe4 Nc3 17. Qc2 Nxe4 18. Qxe4 Qd7 19. Bb2 Bb7 20. Qc2 e5 21.
Nd3 Qh3 22. f3 Rh6 23. e4 dxe3 24. Nxe5 Kh8 25. Qg2 Qe6 26. Rae1 Qxb3 27. Ba1 Re6 28. Rb1 Qd5 29. Rfd1 Rxe5 30. Rxd5 Rxd5 31. Qb2 Bf6 32. Qxb7 Rd2 33. Bxf6 gxf6 34. Qe4 1-0

[Event "Early-Titled-Tuesday-Blitz-April-23-2024"]
[Site "Chess.com"]
[Date "2024.04.23"]
[Round "7"]
[White "SpongeBob_03"]
[Black "Ramu_K_FM_FT"]
[Result "1-0"]
[WhiteElo "2267"]
[BlackElo "2122"]
[TimeControl "180+1"]
[EndTime "9:17:59 PDT"]
[Termination "SpongeBob_03 won by resignation"]

1. d4 Nf6 2. c4 g6 3. g3 Bg7 4. Bg2 d6 5. Nc3 O-O 6. e3 Nbd7 7. Nge2 e5 8. O-O Qe7 9. f4 Re8 10. Qc2 Nf8 11. fxe5 dxe5 12. Rxf6 Bxf6 13. Nd5 Qd8 14. b3 c6 15. Nxf6+ Qxf6 16. Bb2 Nd7 17. Rf1 Qe7 18. d5 cxd5 19. Bxd5 Nb6 20. Rxf7 Qd6 21. Rf6+ 1-0

[Event "Early-Titled-Tuesday-Blitz-April-23-2024"]
[Site "Chess.com"]
[Date "2024.04.23"]
[Round "7"]
[White "RodTwinkz"]
[Black "alpope"]
[Result "1-0"]
[WhiteElo "2690"]
[BlackElo "2519"]
[TimeControl "180+1"]
[EndTime "9:18:01 PDT"]
[Termination "RodTwinkz won by resignation"]

1. e4 d6 2. Nc3 Nf6 3. f4 e5 4. Nf3 Nbd7 5. Bc4 Be7 6. d3 O-O 7. O-O c6 8. a4 Qc7 9. Ba2 b6 10. Nh4 Re8 11. Nf5 Bf8 12. fxe5 dxe5 13. Kh1 h6 14. Qf3 Nc5 15. Nxh6+ gxh6 16. Qxf6 Be6 17. Bxh6 Bxa2 18. Bxf8 Kxf8 19. Rxa2 Rad8 20. Qh8+ Ke7 21.
Rxf7+ Kxf7 22. Qh7+ Kf6 23. Qxc7 Rd7 24. Qxc6+ Re6 25.
Qc8 1-0

[Event "Early-Titled-Tuesday-Blitz-April-23-2024"]
[Site "Chess.com"]
[Date "2024.04.23"]
[Round "7"]
[White "szachuspl"]
[Black "zurzan"]
[Result "1-0"]
[WhiteElo "2538"]
[BlackElo "2135"]
[TimeControl "180+1"]
[EndTime "9:18:05 PDT"]
[Termination "szachuspl won by resignation"]

1. d4 Nf6 2. c4 g6 3. Nc3 Bg7 4. e4 O-O 5. Be2 d6 6. Bg5 Nbd7 7. Qd2 c5 8. d5 a6 9. a4 Qe8 10. h3 e6 11. Nf3 exd5 12. exd5 Ne4 13. Nxe4 Qxe4 14.
O-O Nb6 15. Bd3 Qe8 16. Rfe1 Be5 17. Nxe5 dxe5 18. Bh6 Nxa4 19. Bxf8 Kxf8 20. f4 f6 21. fxe5 fxe5 22. Qa5 Nxb2 23. Qxc5+ Kg8 24. Bf1 Bf5 25.
Re3 Rc8 26. Qb4 b5 27. cxb5 Rc2 28. bxa6 Qd8 29. a7 Bxh3 30. a8=Q Rxg2+ 31. Bxg2 1-0

[Event "Early-Titled-Tuesday-Blitz-April-23-2024"]
[Site "Chess.com"]
[Date "2024.04.23"]
[Round "7"]
[White "Manukyan_Artak"]
[Black "ZachHKL"]
[Result "1-0"]
[WhiteElo "2463"]
[BlackElo "2304"]
[TimeControl "180+1"]
[EndTime "9:18:06 PDT"]
[Termination "Manukyan_Artak won by resignation"]

1. e4 c5 2. Nf3 d6 3. Bb5+ Nc6 4. O-O Bd7 5. c3 a6 6. Bxc6 Bxc6 7. Re1 Nf6 8. d4 cxd4 9. cxd4 Bxe4 10. Bg5 Bc6 11. Bxf6 gxf6 12. d5 Bd7 13. Nd4 Rg8 14. Qh5 Qb6 15.
Ne6 Rc8 16. Nc3 Rg6 17. Qxh7 f5 18. Nxf8 Kxf8 19. Qh8+ Rg8 20. Qh4 Re8 21. Re2 Rg4 22. Qh8+ Rg8 23. Qh6+ Rg7 24. Rae1 Qd4 25. Qh8+ 1-0

[Event "Early-Titled-Tuesday-Blitz-April-23-2024"]
[Site "Chess.com"]
[Date "2024.04.23"]
[Round "7"]
[White "gpsji27"]
[Black "DeArron_Fox"]
[Result "0-1"]
[WhiteElo "2318"]
[BlackElo "2519"]
[TimeControl "180+1"]
[EndTime "9:18:09 PDT"]
[Termination "DeArron_Fox won by resignation"]

1. d4 d5 2. Nf3 Nf6 3. Bg5 Ne4 4. Bh4 c5 5. e3 Nc6 6. c3 Qb6 7. Qc2 Bf5 8. Bd3 Rc8 9. Nbd2 cxd4 10. Bxe4 dxe4 11.
Nxd4 Nxd4 12. exd4 e3 13. Qxf5 exd2+ 14. Ke2 e6 15. Qc2 Qxd4 16. cxd4 Rxc2 17. Kd3 Rxb2 18. Rab1 Rxb1 19. Rxb1 Bb4 20. Ke2 a5 21. a3 Bxa3 22.
Rb2 Bxb2 23. Kxd2 Bxd4 0-1

[Event "Early-Titled-Tuesday-Blitz-April-23-2024"]
[Site "Chess.com"]
[Date "2024.04.23"]
[Round "7"]
[White "biostatistician"]
[Black "alex1531"]
[Result "1-0"]
[WhiteElo "2739"]
[BlackElo "2510"]
[TimeControl "180+1"]
[EndTime "9:18:11 PDT"]
[Termination "biostatistician won by resignation"]

1. d4 Nf6 2. Nf3 e6 3. c4 c5 4. d5 b5 5. Bg5 h6 6. Bxf6 Qxf6 7.
Qc2 bxc4 8. e4 Na6 9. Bxc4 Nb4 10. Qd2 e5 11. Nc3 d6 12. Bb5+ Bd7 13. Bxd7+ Kxd7 14. a3 Na6 15. Qc2 Nc7 16. Qa4+ Kd8 17. O-O Qe7 18. b4 cxb4 19. axb4 Qd7 20. Qa5 Ke7 21. Rfc1 Kf6 22. Na4 Nb5 23. Nb6 axb6 24. Qxa8 g5 25. Qc6 Qxc6 26.
Rxc6 Be7 27. Rxb6 Nc3 28. Nd2 Rc8 29. Kf1 g4 30. Rc6 Rxc6 31. dxc6 Bd8 32. Ra8 Ke7 33. Ra7+ 1-0

[Event "Early-Titled-Tuesday-Blitz-April-23-2024"]
[Site "Chess.com"]
[Date "2024.04.23"]
[Round "7"]
[White "pfalcon1949"]
[Black "alvarorodriguezavila"]
[Result "0-1"]
[WhiteElo "1954"]
[BlackElo "2336"]
[TimeControl "180+1"]
[EndTime "9:18:12 PDT"]
[Termination "alvarorodriguezavila won by resignation"]

1. e4 Nc6 2. d4 d5 3. e5 Bf5 4. c3 e6 5. Bd3 Bxd3 6. Qxd3 Nge7 7.
Ne2 Ng6 8. O-O Be7 9. Nd2 O-O 10. f4 Nh4 11. Nf3 Nxf3+ 12. Rxf3 f5 13. Bd2 Nb8 14. Kh1 Nd7 15. Rg1 Qe8 16. Rh3 Qg6 17. g4 c5 18.
gxf5 Qxf5 19. Qg3 Qe4+ 20. Rg2 Rf7 21. Ng1 cxd4 22. cxd4 Qxd4 23. Qh4 Qe4 24. Nf3 Bxh4 25. Nxh4 Rc8 26. Rg3 Rc2 27. h3 Rxd2 28. Kh2 Rxg2+ 29. Rxg2 Qxf4+ 30. Kh1 Qxh4 31. Kh2 Rf3 0-1

[Event "Early-Titled-Tuesday-Blitz-April-23-2024"]
[Site "Chess.com"]
[Date "2024.04.23"]
[Round "7"]
[White "wadsy27"]
[Black "maciek_92"]
[Result "0-1"]
[WhiteElo "2640"]
[BlackElo "2847"]
[TimeControl "180+1"]
[EndTime "9:18:14 PDT"]
[Termination "maciek_92 won on time"]

1. c4 e5 2. Nf3 Nc6 3. Nc3 f5 4. g3 Nf6 5. d4 d6 6. dxe5 dxe5 7. Qxd8+ Kxd8 8. Bg5 Be6 9. O-O-O+ Kc8 10. Nd5 Nd7 11.
Bh3 h6 12. Bd2 g5 13. Bg2 a5 14. Bc3 Bd6 15. e4 f4 16. gxf4 gxf4 17. h4 Rg8 18. Bh3 Bxh3 19. Rxh3 Nc5 20. Nd2 Rg2 21. h5 Kd7 22. f3 Nd3+ 23. Kc2 Nf2 24. Rhh1 Nxh1 25.
Rxh1 Nb4+ 26. Kd1 Nxa2 27. Nf6+ Ke6 28. Ng4 Nxc3+ 29. bxc3 a4 30. Kc2 a3 31. Nxh6 a2 32.
Ra1 Bc5 33. Kc1 Be3 0-1

[Event "Early-Titled-Tuesday-Blitz-April-23-2024"]
[Site "Chess.com"]
[Date "2024.04.23"]
[Round "7"]
[White "grantelgibbs"]
[Black "Alenzer"]
[Result "0-1"]
[WhiteElo "1870"]
[BlackElo "2221"]
[TimeControl "180+1"]
[EndTime "9:18:16 PDT"]
[Termination "Alenzer won by resignation"]

1. e3 d5 2. b3 c5 3. Bb2 Nc6 4. Nf3 Nf6 5. Be2 e6 6. c3 Bd6 7. d4 O-O 8. Nbd2 e5 9. dxc5 Bxc5 10. c4 Re8 11. cxd5 Nxd5 12. O-O Bxe3 13. Qc1 Bd4 14.
Nc4 Bxb2 15. Qxb2 e4 16. Nd4 Nf4 17. Nxc6 bxc6 18. Rfd1 Qg5 19. Bf1 Bh3 20. Ne3 Re6 21. Qd4 Bxg2 22. Nxg2 Rg6 23. Qxe4 Nh3+ 24. Kh1 Nxf2+ 25.
Kg1 Nxe4 0-1

[Event "Early-Titled-Tuesday-Blitz-April-23-2024"]
[Site "Chess.com"]
[Date "2024.04.23"]
[Round "7"]
[White "sonicdravise"]
[Black "LuisFSiles"]
[Result "1-0"]
[WhiteElo "2610"]
[BlackElo "2454"]
[TimeControl "180+1"]
[EndTime "9:18:17 PDT"]
[Termination "sonicdravise won by resignation"]

1. Nf3 Nf6 2. c4 g6 3. d4 Bg7 4.
Nc3 d5 5. cxd5 Nxd5 6. e4 Nxc3 7. bxc3 c5 8. h3 O-O 9. Be2 Nc6 10. Be3 Qa5 11. Bd2 cxd4 12. cxd4 Qa3 13. d5 Ne5 14. O-O Nxf3+ 15. Bxf3 Bxa1 16. Qxa1 f6 17. Rb1 Qd6 18.
Bb4 Qd8 19. e5 Bf5 20. Rd1 Rc8 21. d6 exd6 22. Bd5+ Kg7 23. Bxd6 Qb6 24. exf6+ Rxf6 25. Be5 Rc2 26. Bd4 Qa6 27. g4 Bc8 28. g5 Rxa2 29. Bxf6+ 1-0

[Event "Early-Titled-Tuesday-Blitz-April-23-2024"]
[Site "Chess.com"]
[Date "2024.04.23"]
[Round "7"]
[White "ScofieldMichael01"]
[Black "RamonManon0g"]
[Result "0-1"]
[WhiteElo "2589"]
[BlackElo "2467"]
[TimeControl "180+1"]
[EndTime "9:18:19 PDT"]
[Termination "RamonManon0g won by checkmate"]

1. e4 c5 2. Nf3 d6 3. d4 cxd4 4.
Qxd4 Nc6 5. Qd1 Nf6 6. Bd3 Bg4 7. O-O e5 8. Nbd2 Be7 9. h3 Bh5 10. c3 d5 11. exd5 Qxd5 12. Qc2 Rc8 13. Bc4 Qd7 14. Re1 O-O 15. Nxe5 Nxe5 16. Rxe5 Bd6 17. Re1 Rfe8 18. Rxe8+ Qxe8 19. Bf1 Qe5 20. g3 Bc5 21. Nc4 Qxg3+ 22. Bg2 Bf3 23. Ne3 Bxe3 24. fxe3 Ne4 25. Kf1 Rd8 26.
b3 Rd1+ 27. Qxd1 Qf2# 0-1

[Event "Early-Titled-Tuesday-Blitz-April-23-2024"]
[Site "Chess.com"]
[Date "2024.04.23"]
[Round "7"]
[White "WiktoriaPOL"]
[Black "briesmas"]
[Result "1-0"]
[WhiteElo "2397"]
[BlackElo "2215"]
[TimeControl "180+1"]
[EndTime "9:18:19 PDT"]
[Termination "WiktoriaPOL won by resignation"]

1. c4 c5 2. Nf3 Nc6 3. Nc3 e5 4. e3 d6 5. d4 g6 6. dxe5 dxe5 7.
Qxd8+ Kxd8 8. b3 Bg7 9. Bb2 Nge7 10. O-O-O+ Ke8 11. Nb5 Bg4 12. Nc7+ Kf8 13. Nxa8 e4 14. h3 Bh5 15. g4 exf3 16. gxh5 Bxb2+ 17. Kxb2 Kg7 18.
Nc7 Nf5 19. Bd3 Nh4 20. Be4 Ne5 21. Rd5 Kf6 22. Rxc5 b6 23. Nd5+ Kg5 24. Rc7 Ng2 25. Re7 f6 26. Rg1 Kh4 27. Bxf3 Nd3+ 28. Kc3 Nge1 29.
Be2 1-0

[Event "Early-Titled-Tuesday-Blitz-April-23-2024"]
[Site "Chess.com"]
[Date "2024.04.23"]
[Round "7"]
[White "AlexanderKing"]
[Black "Daaksboy"]
[Result "1-0"]
[WhiteElo "2582"]
[BlackElo "2426"]
[TimeControl "180+1"]
[EndTime "9:18:21 PDT"]
[Termination "AlexanderKing won by resignation"]

1. g3 Nf6 2. Bg2 g6 3. c4 Bg7 4. Nc3 O-O 5. e4 d6 6. Nge2 c5 7. O-O Nc6 8. d3 Rb8 9. f4 Bg4 10. h3 Bxe2 11. Nxe2 b5 12. e5 dxe5 13. Bxc6 Qd6 14.
Bf3 exf4 15. Bxf4 e5 16. Be3 Rfd8 17. Nc3 Qxd3 18. Qxd3 Rxd3 19. Bxc5 bxc4 20. Rf2 e4 21. Be2 Rxg3+ 22. Kh2 Rg5 23. Be3 Ra5 24. Bxc4 Rc8 25.
Bb3 Rh5 26. Kg2 Rc7 27. Raf1 1-0

[Event "Early-Titled-Tuesday-Blitz-April-23-2024"]
[Site "Chess.com"]
[Date "2024.04.23"]
[Round "7"]
[White "Ati1517"]
[Black "Levanzovsky"]
[Result "1-0"]
[WhiteElo "2278"]
[BlackElo "2504"]
[TimeControl "180+1"]
[EndTime "9:18:22 PDT"]
[Termination "Ati1517 won by checkmate"]

1. e4 e5 2. Nf3 Nc6 3. d4 exd4 4.
Bc4 Nf6 5. O-O Nxe4 6. Re1 d5 7. Bxd5 Qxd5 8. Nc3 Qa5 9. Nxe4 Be6 10. Bd2 Qh5 11. Bg5 h6 12. Bf6 Qa5 13. Nxd4 Nxd4 14. Qxd4 Rg8 15. Rad1 Be7 16. Bxg7 Rd8 17. Nf6+ Bxf6 18.
Qxf6 Rxd1 19. Rxd1 c6 20. Qxh6 Qxa2 21. Qh7 f5 22.
Bf6 Bf7 23. Rd8# 1-0

[Event "Early-Titled-Tuesday-Blitz-April-23-2024"]
[Site "Chess.com"]
[Date "2024.04.23"]
[Round "7"]
[White "Fjal"]
[Black "whiteglovethief"]
[Result "0-1"]
[WhiteElo "2335"]
[BlackElo "2569"]
[TimeControl "180+1"]
[EndTime "9:18:24 PDT"]
[Termination "whiteglovethief won on time"]

1. Nf3 g6 2. g3 Bg7 3. Bg2 e5 4.
O-O Nc6 5. d3 d5 6. c4 dxc4 7.
dxc4 Qxd1 8. Rxd1 e4 9. Ng5 Nd4 10. Bxe4 Nxe2+ 11. Kg2 Nxc1 12. Nc3 Nf6 13. Raxc1 h6 14.
Nf3 Nxe4 15. Nxe4 Bxb2 16. Rc2 Bg7 17. Nc5 O-O 18. Re2 b6 19. Nd7 Rd8 20. Re7 Bf8 21. Nf6+ Kg7 22. Ne8+ Kh8 23. Rxf7 Rxe8 24. Ne5 Bb7+ 25.
Kh3 Rxe5 0-1

[Event "Early-Titled-Tuesday-Blitz-April-23-2024"]
[Site "Chess.com"]
[Date "2024.04.23"]
[Round "7"]
[White "Lupul_Cenusiu"]
[Black "Fernando_Offermann"]
[Result "0-1"]
[WhiteElo "2669"]
[BlackElo "2491"]
[TimeControl "180+1"]
[EndTime "9:18:27 PDT"]
[Termination "Fernando_Offermann won by resignation"]

1. e4 c5 2. Nc3 d6 3. f4 g6 4. Nf3 Bg7 5. Bb5+ Bd7 6. Bc4 Nc6 7. d3 e6 8. O-O Nge7 9. f5 gxf5 10. Ng5 O-O 11. exf5 Nxf5 12. Rxf5 exf5 13. Qh5 h6 14. Nxf7 Rxf7 15. Bxf7+ Kf8 16. Bd5 Qf6 17. Bf4 Ne7 18.
Bxd6 Be8 19. Bxe7+ Kxe7 20. Qe2+ Kd7 21. Bxb7 Rb8 22.
Re1 Bf7 23. Nd5 Qd4+ 24. Kh1 Re8 25. Qf1 Rxe1 26. Qxe1 Bxd5 27. Ba6 Qe5 28. Bb5+ Kd6 29. Qa5 Qxb2 30. Qd8+ Ke5 31. Qe8+ Kd4 32. h3 Qc1+ 33. Kh2 Be5+ 0-1

[Event "Early-Titled-Tuesday-Blitz-April-23-2024"]
[Site "Chess.com"]
[Date "2024.04.23"]
[Round "7"]
[White "Sasha_Solovev_777"]
[Black "amanjazu"]
[Result "0-1"]
[WhiteElo "2240"]
[BlackElo "2542"]
[TimeControl "180+1"]
[EndTime "9:18:29 PDT"]
[Termination "amanjazu won by resignation"]

1. e4 c5 2. Nf3 d6 3. d4 cxd4 4. Nxd4 Nf6 5. Nc3 a6 6. Be3 g6 7. Be2 Bg7 8. Qd2 b5 9. a3 Bb7 10. f3 Nbd7 11. Bh6 Bxh6 12. Qxh6 Qb6 13. Nb3 Rc8 14. h4 d5 15. h5 Rg8 16. exd5 Nxd5 17.
Nxd5 Bxd5 18. Qxh7 Nf6 19. Qh6 Rxc2 20. Nd2 gxh5 21.
Rxh5 Qg1+ 22. Bf1 Nxh5 23. Qh7 Qe3+ 0-1

[Event "Early-Titled-Tuesday-Blitz-April-23-2024"]
[Site "Chess.com"]
[Date "2024.04.23"]
[Round "7"]
[White "dianamirza"]
[Black "InitiatingASC"]
[Result "1-0"]
[WhiteElo "2008"]
[BlackElo "2342"]
[TimeControl "180+1"]
[EndTime "9:18:29 PDT"]
[Termination "dianamirza won by resignation"]

1. d4 d5 2. Nf3 Bg4 3. e3 Nd7 4. Be2 Ngf6 5. b3 c6 6. Bb2 e6 7. Nbd2 Bd6 8. O-O O-O 9. h3 Bh5 10. g4 Bg6 11. Ne5 Ne4 12. Nxg6 hxg6 13. Nxe4 dxe4 14.
f4 exf3 15. Bxf3 Qh4 16. Bg2 Qg3 17. Rf3 Qh2+ 18. Kf2 Nf6 19. Qd3 Rad8 20. Rh1 Nd5 21. Rxh2 Bxh2 22. c4 Nb4 23. Qd2 Na6 24. h4 Nc5 25.
Rh3 Bc7 26. h5 g5 27. h6 gxh6 28. Rxh6 e5 29. Qc2 1-0

[Event "Early-Titled-Tuesday-Blitz-April-23-2024"]
[Site "Chess.com"]
[Date "2024.04.23"]
[Round "7"]
[White "waltereador"]
[Black "PonyQueen07"]
[Result "0-1"]
[WhiteElo "2325"]
[BlackElo "2208"]
[TimeControl "180+1"]
[EndTime "9:18:31 PDT"]
[Termination "PonyQueen07 won by checkmate"]

1. e4 c5 2. b4 cxb4 3. a3 d5 4. exd5 Qxd5 5. Nf3 Nc6 6. axb4 Ne5 7. Ra5 Nxf3+ 8.
gxf3 Qe6+ 9. Be2 g6 10. Nc3 Bd7 11. Nd5 Rc8 12. Nf4 Qd6 13. Rxa7 Qxf4 14. d4 Qc7 15. c4 Bg7 16. c5 Nf6 17. O-O O-O 18. b5 Ra8 19. b6 Qc6 20. Be3 Nd5 21. Qa1 Rxa7 22.
bxa7 Ra8 23. Rb1 Nxe3 24. fxe3 Qe6 25. Kf2 Qh3 26. Bf1 Bf6 27. Rxb7 Qxh2+ 28. Bg2 Bh4+ 29.
Kf1 Be6 30. Rb8+ Kg7 31. Rxa8 Bc4# 0-1

[Event "Early-Titled-Tuesday-Blitz-April-23-2024"]
[Site "Chess.com"]
[Date "2024.04.23"]
[Round "7"]
[White "SmirnovTimofey2000"]
[Black "PawnEatingZombie"]
[Result "0-1"]
[WhiteElo "1986"]
[BlackElo "2227"]
[TimeControl "180+1"]
[EndTime "9:18:33 PDT"]
[Termination "PawnEatingZombie won by resignation"]

1. d4 Nf6 2. Bf4 g6 3. Nc3 Bg7 4. e4 d6 5. e5 Nfd7 6. Nf3 O-O 7. Bc4 Nb6 8. Bb3 Nc6 9. h4 Bg4 10. h5 dxe5 11. dxe5 Qxd1+ 12. Rxd1 Bxh5 13. Rxh5 gxh5 14. e6 fxe6 15. Bxc7 Bxc3+ 16. bxc3 Nd5 17. Bxd5 exd5 18. Rxd5 e5 19. Nxe5 Rae8 20. f4 Rxf4 21. Ke2 Re4+ 22. Kd3 R4xe5 23. Bxe5 Rxe5 24. Rd7 Re7 25. Rd5 Rd7 26.
c4 Kf8 27. Ke4 Rxd5 28. cxd5 Nb4 0-1

[Event "Early-Titled-Tuesday-Blitz-April-23-2024"]
[Site "Chess.com"]
[Date "2024.04.23"]
[Round "7"]
[White "mishanick"]
[Black "eljanov"]
[Result "1-0"]
[WhiteElo "3171"]
[BlackElo "2911"]
[TimeControl "180+1"]
[EndTime "9:18:35 PDT"]
[Termination "mishanick won by checkmate"]

1. d4 d5 2. c4 e6 3. Nc3 Nf6 4. Bg5 Be7 5. e3 h6 6. Bh4 O-O 7. Qc2 Nbd7 8. cxd5 exd5 9. Bd3 c6 10. Nf3 Re8 11. Nd2 Nh5 12. Bxe7 Qxe7 13. O-O-O Nhf6 14. Rhg1 Nb6 15. h3 c5 16. dxc5 Qxc5 17. g4 Bd7 18. g5 hxg5 19. Rxg5 Rac8 20. Rdg1 Na4 21. Rxg7+ Kf8 22. Nxa4 Qxc2+ 23. Bxc2 Bxa4 24. b3 Bd7 25.
Kb2 Bxh3 26. R7g5 Be6 27. Nf3 Ke7 28. Bf5 Rg8 29. Bxe6 fxe6 30. Rg7+ Kd6 31. Nd4 a6 32. f4 e5 33. Nf5+ Ke6 34. Re7+ Kxf5 35. Rxe5# 1-0

[Event "Early-Titled-Tuesday-Blitz-April-23-2024"]
[Site "Chess.com"]
[Date "2024.04.23"]
[Round "7"]
[White "Der_Balak_3Halak"]
[Black "JeFumeDesClopes"]
[Result "0-1"]
[WhiteElo "2443"]
[BlackElo "2600"]
[TimeControl "180+1"]
[EndTime "9:18:36 PDT"]
[Termination "JeFumeDesClopes won by resignation"]

1. e4 c5 2. Nf3 Nf6 3. e5 Nd5 4. c3 d6 5. d4 cxd4 6. cxd4 dxe5 7. dxe5 Nc6 8. Nc3 Nxc3 9. Qxd8+ Nxd8 10. bxc3 Bg4 11.
Nd4 a6 12. Ba3 Rc8 13. Kd2 g6 14. Rb1 Bg7 15. Rxb7 Nxb7 16. Bxa6 Ra8 17. Bxb7 Rxa3 18. Bc6+ Bd7 19. Rb1 Bxe5 20. Bxd7+ Kxd7 21. Rb7+ Kc8 22.
Rxe7 Bxd4 23. cxd4 Rd8 24. Rxf7 Rxd4+ 25. Ke2 Rxa2+ 26.
Kf3 Rd7 27. Rf8+ Kc7 28. Kg3 Kd6 29. Rf6+ Ke5 30. Rb6 Rd3+ 31. f3 Rdd2 32. Rb5+ Kf6 33. Rb6+ Kg7 34. Rb7+ Kh6 35. Kf4 Rxg2 36. h4 Ra4+ 37.
Ke5 Rxh4 38. f4 Re2+ 39. Kd4 Rxf4+ 40. Kd3 Ra2 41. Ke3 Rh4 42. Kf3 Ra3+ 43. Kg2 Rc4 44. Rb2 g5 45. Kh2 Rac3 46. Rb6+ Kh5 47. Kg1 Rc2 48. Rb7 Ra4 49. Rb1 g4 50. Kh1 g3 51. Rf1 g2+ 0-1

[Event "Early-Titled-Tuesday-Blitz-April-23-2024"]
[Site "Chess.com"]
[Date "2024.04.23"]
[Round "7"]
[White "Kazmin_Semyon"]
[Black "AsaHoffmann"]
[Result "1-0"]
[WhiteElo "2566"]
[BlackElo "2395"]
[TimeControl "180+1"]
[EndTime "9:18:37 PDT"]
[Termination "Kazmin_Semyon won by checkmate"]

1. e4 d6 2. d4 Nf6 3. Nc3 c6 4. Nf3 Bg4 5. h3 Bh5 6. g4 Bg6 7. Bd3 e6 8. Be3 d5 9. e5 Nfd7 10. Bxg6 hxg6 11. Ne2 c5 12. c3 Nc6 13. h4 Be7 14. h5 gxh5 15. gxh5 Qb6 16. Rb1 O-O-O 17.
a3 c4 18. b4 cxb3 19. Rxb3 Qa6 20. Qb1 Na5 21. Rb2 Nb6 22. Nd2 Nbc4 23. Nxc4 Nxc4 24. Ra2 Kb8 25. a4 Rc8 26. Qb5 Rc6 27. Qxa6 Rxa6 28. Nf4 b5 29. Rg1 Bf8 30. a5 Rxa5 31. Rxa5 Nxa5 32. Ke2 Nc4 33. Bc1 a5 34. Kd3 Kb7 35. Kc2 a4 36. Rg3 Kc6 37. Rf3 Be7 38. Nd3 f6 39. exf6 gxf6 40. Nf4 Kd6 41. Rg3 e5 42. dxe5+ fxe5 43. Rg6+ Kc5 44. Nd3# 1-0